 Dungeon Crawl Stone Soup version 0.18.1-2-ga659475 (webtiles) character file.

45 JirkfaceJones the Grave Robber (level 3, -6/26 HPs)
             Began as a Vampire Necromancer on May 8, 2016.
             Mangled by a worm (11 damage)
             ... on level 2 of the Dungeon.
             The game lasted 00:03:24 (1128 turns).

JirkfaceJones the Grave Robber (VpNe)               Turns: 1128, Time: 00:03:24

Health: -6/26      AC:  2    Str:  7    XL:     3   Next: 42%
Magic:  2/7        EV: 12    Int: 18    God:
Gold:   92         SH:  0    Dex: 14    Spells: 2 memorised, 5 levels left

rFire  . . .     SeeInvis +     d - +0 short sword
rCold  + . .     Gourm    .     a - +0 robe
rNeg   + + .     Faith    .     (no shield)
rPois  +         Spirit   .     (no helmet)
rElec  .         Dismiss  .     (no cloak)
rCorr  .         Reflect  .     (no gloves)
SustAt .         Harm     .     (no boots)
MR     .....                    m - amulet of magic regeneration
Stlth  +++.......               (no ring)
                                (no ring)

@: regenerating slowly, not resistant to hostile enchantments, fairly stealthy
A: fangs 3, see invisible, unbreathing
a: Bat Form


You were on level 2 of the Dungeon.
You were thirsty.

You visited 1 branch of the dungeon, and saw 2 of its levels.

You collected 92 gold pieces.

Inventory:

Hand Weapons
 d - a +0 short sword (weapon)
Armour
 a - a +0 robe (worn)
Jewellery
 m - an amulet of magic regeneration (around neck)
Scrolls
 f - 2 scrolls of blinking {unknown}
 g - a scroll of amnesia {unknown}
 i - 2 scrolls of teleportation {unknown}
 j - 3 scrolls of identify {unknown}
 k - 3 scrolls of enchant armour {unknown}
 n - 5 scrolls of remove curse {unknown}
Potions
 c - a potion of blood
 e - 2 potions of beneficial mutation {unknown}
 h - 2 potions of degeneration {unknown}
 l - a potion of heal wounds {unknown}
 o - 2 potions of might {unknown}
Books
 b - a book of Necromancy

   Spells                             Type                      Level
   a - Pain                           Necromancy                   1
   b - Animate Skeleton               Necromancy                   1
   c - Vampiric Draining              Necromancy                   3
   d - Regeneration                   Charms/Necromancy            3
   e - Animate Dead                   Necromancy                   4
   f - Control Undead                 Necromancy                   4


   Skills:
 + Level 1.0 Fighting
 - Level 2.1 Dodging
 + Level 4.1 Stealth
 * Level 2.7 Spellcasting
 + Level 4.5 Necromancy


You had 5 spell levels left.
You knew the following spells:

 Your Spells              Type           Power        Failure   Level  Hunger
a - Pain                  Necr           ###.         2%          1    #......
b - Animate Skeleton      Necr           N/A          2%          1    #......


Dungeon Overview and Level Annotations

Branches:
Dungeon (2/15)

Altars:


Innate Abilities, Weirdness & Mutations

You heal slowly.
You have razor-sharp teeth.
You have supernaturally acute eyesight.
You can survive without breathing.


Message History

Casting: Pain
Confirm with . or Enter, or press ? or * to list all spells.
Aiming: Pain
Press: ? - help, Shift-Dir - straight line, f/p - worm
Aim: a worm (moderately wounded, chance to defeat MR: 84%)
The worm convulses in agony!
Casting: Pain
Confirm with . or Enter, or press ? or * to list all spells.
Aiming: Pain
Press: ? - help, Shift-Dir - straight line, f/p - worm
Aim: a worm (heavily wounded, chance to defeat MR: 84%)
The worm convulses in agony!
The worm bites you!
* * * LOW HITPOINT WARNING * * *
Casting: Pain
Confirm with . or Enter, or press ? or * to list all spells.
Aiming: Pain
Press: ? - help, Shift-Dir - straight line, f/p - worm
Aim: a worm (severely wounded, chance to defeat MR: 84%)
The worm convulses in agony!
The worm bites you!
You die...

.# (# ## .# .# .# .# #
.#
.########.#######.#####
......................#
.##<...# #w@.#
.....#### ###.###
.##.....# ##...#
.#..###.####..### #..##
#.##...## #.## #.##.###
#.# ##.<..#
#.####..#.##
#.##...##.#


You could see a worm.

Vanquished Creatures
  An adder (D:2)
  2 dart slugs (D:1)
  4 goblins (D:1)
  2 hobgoblins (D:1)
  3 jackals (D:1)
  5 kobolds (D:1)
  5 bats (D:1)
  4 giant newts (D:1)
  8 rats (D:1)
34 creatures vanquished.

Notes
Turn   | Place    | Note
--------------------------------------------------------------
     0 | D:1      | JirkfaceJones the Vampire Necromancer began the quest for the Orb.
     0 | D:1      | Reached XP level 1. HP: 13/13 MP: 3/3
    77 | D:1      | Learned a level 1 spell: Animate Skeleton
   152 | D:1      | Reached XP level 2. HP: 17/20 MP: 5/5
   750 | D:1      | Reached XP level 3. HP: 22/25 MP: 4/6
  1099 | D:2      | Reached skill level 1 in Fighting
  1128 | D:2      | Mangled by a worm

Skill      XL: |  1  2  3 |
---------------+----------+-----
Fighting       | 1 |  1.0
Stealth        | 4 |  4.1
Dodging        | |  2.1
Spellcasting   | |  2.7
Necromancy     | |  4.5

Action                   || total
-------------------------++-------
Melee: Short sword       ||    10
 Cast: Pain              ||    52
       Animate Skeleton  ||     8
 Stab: Sleeping          ||     1
Armor: Robe              ||     4
Dodge: Dodged            ||     7
